 Dungeon Crawl Stone Soup version 0.20-a0-710-g71b569a (webtiles) character file.

292 presbutan the Skirmisher (level 6, 0/68 HPs)
             Began as an Ogre Monk on Feb 22, 2017.
             Killed from afar by an orc wizard (9 damage)
             ... with a puff of frost
             ... on level 3 of the Dungeon.
             The game lasted 00:03:53 (2453 turns).

presbutan the Skirmisher (Ogre Monk)                Turns: 2453, Time: 00:03:54

Health: 0/68       AC:  3    Str: 18    XL:     6   Next: 33%
Magic:  6/6        EV:  8    Int: 16    God:
Gold:   106        SH:  9    Dex: 15    Spells: 5/5 levels left

rFire    . . .     SeeInvis .   a - +0 spear
rCold    . . .     Gourm    .   b - +0 robe
rNeg     . . .     Faith    .   u - +2 shield
rPois    .         Spirit   .   (helmet restricted)
rElec    .         Reflect  .   (no cloak)
rCorr    .         Harm     .   (gloves unavailable)
MR       .....                  (boots unavailable)
Stlth    ++........             (no amulet)
Regen    0.3/turn               l - +5 ring of intelligence
MPRegen  0.1/turn               d - +4 ring of dexterity

@: no status effects
A: unfitting armour, tough skin 1
a: no special abilities


You were on level 3 of the Dungeon.
You were not hungry.

You visited 1 branch of the dungeon, and saw 3 of its levels.

You collected 106 gold pieces.

Inventory:

Hand Weapons
 a - a +0 spear (weapon)
Missiles
 i - 24 arrows
 j - 46 bolts
 k - 54 stones (quivered)
 x - 8 javelins
 y - 13 poisoned needles
Armour
 b - a +0 robe (worn)
 u - a +2 shield (worn)
Jewellery
 d - a +4 ring of dexterity (left hand)
 l - a +5 ring of intelligence (right hand)
Wands
 v - a wand of confusion (27/48)
Scrolls
 e - a scroll of remove curse {unknown}
 h - 2 scrolls of recharging {unknown}
 m - 2 scrolls of identify {unknown}
 r - a scroll of magic mapping {unknown}
 s - 3 scrolls of teleportation {unknown}
Potions
 g - a potion of berserk rage {unknown}
 n - a potion of brilliance {unknown}
 o - a potion of might {unknown}
 p - 3 potions of curing {unknown}
 t - a potion of lignification {unknown}
 w - a potion of cancellation {unknown}
Books
 A - a book of Cantrips

   Spells                             Type                      Level
   a - Confusing Touch                Hexes                        1
   b - Animate Skeleton               Necromancy                   1
   c - Summon Small Mammal            Summoning                    1
   d - Apportation                    Translocation                1
Comestibles
 c - 2 bread rations
 f - a royal jelly
 q - a meat ration
 z - a chunk of flesh


   Skills:
 + Level 6.4 Fighting
 * Level 5.7 Polearms
 - Level 2.6 Dodging
 - Level 1.4 Stealth


You had 5 spell levels left.
You didn't know any spells.

Dungeon Overview and Level Annotations

Branches:
Dungeon (3/15)

Altars:


Innate Abilities, Weirdness & Mutations

You are too large for most types of armour.
You have tough skin. (AC +1)


Message History

You barely miss the orc wizard.
The orc wizard is severely wounded.
The orc hits you with a short sword.
* * * LOW HITPOINT WARNING * * *
The orc wizard looks satisfied for a moment.
You hit the orc wizard but do no damage.
The orc wizard is severely wounded.
You block the orc's attack. The orc wizard barely misses you.
You hit the orc wizard but do no damage.
The orc wizard is severely wounded.
The orc barely misses you.
You closely miss the orc wizard.
The orc wizard is severely wounded.
The orc wizard hits you with a dagger.
* * * LOW HITPOINT WARNING * * *
The orc hits you with a short sword.
* * * LOW HITPOINT WARNING * * *
The orc wizard gestures at you while chanting.
The puff of frost hits you!
You die...

.................#....(#.#.##.###
...####.##.#..........##.#.##.###
...'..................'....##....
...####.##......###...##.#######.
...##...######..# #...##.#.......
...##.#+#####..o# #...##.#.#.....
...##..........o###...##.#.#..##.
...##..........)[##...##.#....#..
.####..รท.......o@.#...##.#.......
.# #..........#.##...##.........
.# #..........#.##...##.###.....
.# #.........^#.# #.####..#.
#####..........#.## #.##......
#............#..# #.####....
#.....#########.## ##.####....
#.....# #..# #.......... #.....#
##.# ##.#####...


You could see an orc priest, an orc wizard and an orc.

Vanquished Creatures
  Grinder (D:3)
  2 adders (D:2)
  2 worms
  3 dart slugs
  2 leopard geckos
  2 orcs (D:3)
  9 bats
  3 giant cockroaches (D:2)
  9 goblins
  5 hobgoblins
  4 jackals (D:1)
  6 kobolds
  2 quokkas (D:3)
  2 ball pythons
  5 frilled lizards
  6 rats
63 creatures vanquished.

Notes
Turn   | Place    | Note
-------+----------+-------------------------------------------
     0 | D:1      | presbutan the Ogre Monk began the quest for the Orb.
     0 | D:1      | Reached XP level 1. HP: 24/24 MP: 1/1
    92 | D:1      | Reached XP level 2. HP: 18/33 MP: 2/2
   641 | D:1      | Reached XP level 3. HP: 34/40 MP: 3/3
  1256 | D:2      | Reached skill level 5 in Fighting
  1256 | D:2      | Reached XP level 4. HP: 36/50 MP: 4/4
  2138 | D:3      | Noticed Grinder
  2151 | D:3      | Paralysed by Grinder for 3 turns
  2165 | D:3      | Killed Grinder
  2165 | D:3      | Reached skill level 6 in Fighting
  2165 | D:3      | Reached skill level 5 in Polearms
  2165 | D:3      | Reached XP level 5. HP: 15/61 MP: 5/5
  2165 | D:3      | Reached XP level 6. HP: 17/68 MP: 6/6
  2453 | D:3      | Killed from afar by an orc wizard

Vault maps used:
D:1:      nicolae_arrival_somewhat_less_tricky_arrival, serial_forest,
          infiniplex_forest_lined_4_way, infiniplex_forest_clump_small,
          infiniplex_forest_straight_1, infiniplex_forest_lined_corner,
          infiniplex_forest_lined_3, infiniplex_forest_straight_3,
          infiniplex_forest_clump_cross
D:2:      serial_glass, glass_columns_c, glass_columns_a
D:3:      uniq_grinder

Skill      XL: |  1  2  3  4 |
---------------+-------------+-----
Polearms       | 4 5 |  5.7
Fighting       | 5 6 |  6.4
Dodging        | |  2.6
Stealth        | |  1.4

Action                   |  1- 3 |  4- 6 || total
-------------------------+-------+-------++-------
Melee: Spear             |   131 |   149 ||   280
 Stab: Sleeping          |     2 |     4 ||     6
  Eat: Chunk             |     1 |     4 ||     5
Armor: Robe              |    29 |    22 ||    51
Dodge: Dodged            |    62 |    36 ||    98
Block: Shield            |       |    20 ||    20
